 Dungeon Crawl Stone Soup version 0.24.0-125-gc4c63601f3 (webtiles) character file.

Game seed: 18150399677274783321, levelgen mode: deterministic

2209 Johnny the Ruffian (level 9, -3/79 HPs)
             Began as a Troll Berserker on Mar 1, 2020.
             Was an Elder of Trog.
             Slain by a killer bee (5 damage)
             ... on level 7 of the Dungeon.
             The game lasted 00:04:19 (4591 turns).

Johnny the Ruffian (Troll Berserker)                Turns: 4591, Time: 00:04:19

Health: -3/79      AC:  7    Str: 28 (30) XL:     9   Next: 13%
Magic:  0/17       EV: 12    Int:  4 (6)  God:    Trog [****..]
Gold:   573        SH:  0    Dex:  9 (11) Spells: 8/8 levels left

rFire    . . .     SeeInvis .     - Unarmed
rCold    . . .     Gourm    +   (no shield)
rNeg     . . .     Faith    .   a - +0 animal skin
rPois    .         Spirit   +   (helmet restricted)
rElec    .         Reflect  .   J - +0 cloak
rCorr    .         Harm     .   (gloves unavailable)
MR       .....                  (boots unavailable)
Stlth    +.........             c - amulet of guardian spirit
HPRegen  0.63/turn              q - ring of magical power
MPRegen  0.15/turn              f - +3 ring of intelligence

@: lethally poisoned (-3 -> -18), hasted, very quick
A: large, unfitting armour, claws 3, agile 1, fast metabolism 3, frail 1,
gourmand, sense surroundings 1, regeneration 1, shaggy fur 1, tough skin 3,
MP-powered wands
a: Berserk, Trog's Hand, Brothers in Arms, Renounce Religion


You were on level 7 of the Dungeon.
You worshipped Trog.
Trog was greatly pleased with you.
You were full.

You visited 2 branches of the dungeon, and saw 8 of its levels.
You also visited: Ossuary.

You collected 573 gold pieces.

Inventory:

Missiles
 t - a throwing net (quivered)
Armour
 a - a +0 animal skin (worn)
 J - a +0 cloak (worn)
Jewellery
 c - an amulet of guardian spirit (around neck)
 e - an uncursed ring of fire
 f - a +3 ring of intelligence (right claw)
 o - an uncursed ring of fire
 p - an uncursed amulet of faith {unknown}
 q - a ring of magical power (left claw)
 s - a +1 ring of evasion {unknown}
 u - a +5 amulet of reflection {unknown}
 C - an uncursed ring of ice {unknown}
 E - a +5 ring of strength {unknown}
 G - an uncursed ring of positive energy
Wands
 n - a wand of polymorph (9)
 P - a wand of enslavement (8)
Scrolls
 g - 5 scrolls of remove curse {unknown}
 k - 11 scrolls of identify {unknown}
 l - a scroll of blinking {unknown}
 m - 2 scrolls of amnesia {unknown}
 r - 2 scrolls of teleportation {unknown}
 w - 5 scrolls of immolation {unknown}
 x - 5 scrolls of random uselessness {unknown}
 y - a scroll of fear {unknown}
 B - a scroll of noise {unknown}
 I - a scroll of enchant armour {unknown}
 K - a scroll of magic mapping {unknown}
 L - a scroll of holy word {unknown}
 M - a scroll of enchant weapon {unknown}
Potions
 d - 5 potions of haste
 h - a potion of flight {unknown}
 i - 3 potions of mutation
 j - 2 potions of might {unknown}
 v - 3 potions of degeneration
 z - a potion of berserk rage {unknown}
 A - 2 potions of curing {unknown}
 D - a potion of heal wounds {unknown}
 F - a potion of brilliance {unknown}
 H - a potion of resistance {unknown}
 N - a potion of ambrosia {unknown}
 O - a potion of magic {unknown}
Comestibles
 b - 14 rations


   Skills:
 + Level 5.6 Fighting
 + Level 4.9 Armour
 + Level 5.6 Dodging
 + Level 6.7 Unarmed Combat


You had 8 spell levels left.
You didn't know any spells.
Your spell library was empty.

Dungeon Overview and Level Annotations

Branches:
Dungeon (7/15)             Temple (1/1) D:4         Ossuary (visited)

Altars:
Ashenzari
Cheibriados
Elyvilon
Gozag
Hepliaklqana
Kikubaaqudgha
Nemelex Xobeh
Okawaru
Qazlal
Sif Muna
Trog
Uskayaw
Wu Jian
Xom
Yredelemnul
The Shining One


Innate Abilities, Weirdness & Mutations

You are too large for most types of armour.
You have claws for hands.
Your metabolism is lightning-fast.
You like to eat raw meat.
Your natural rate of healing is unusually fast.
You are covered in fur. (AC +1)
You have extremely tough skin. (AC +3)
You are agile. (Dex +2)
You are frail. (-10% HP)
You passively map a small area around you.
You expend magic power (3 MP) to strengthen your wands.


Message History

Unknown command.
Unknown command.
Unknown command.
Unknown command.
Unknown command.
Unknown command.
Unknown command.
Unknown command.
Unknown command.
Unknown command.
Unknown command.
Unknown command.
It was a potion of degeneration.
There was something very wrong with that liquid.
You feel weakened.
You feel dopey.
You feel clumsy.
* * * LOW HITPOINT WARNING * * *
You feel sick. The killer bee stings you.
* * * LOW HITPOINT WARNING * * *
The killer bee stings you.
You die...

, , #... (.....#,
,#..# * .....# #..#
.....# # #..# , ,
.....# .# #..# ** *
#....#..#, #..# *
,*#y......# **#... ,
,,*#yt.....# ....
#@yy....# #... * ,
*#y#.....# ,,#... *
, #.# ....# #.## , ,
#.#,,...# * #.## , ,
* #.#, ..# , #... #,
* #.#.....# #...
#.#######.#......
#... ,
#.........#.....###
#... ,
#.......###.....#..,
#...


You could see a crocodile and 5 killer bees.

Vanquished Creatures
  4 sky beasts
  4 phantoms
  An ice beast (D:7)
  2 centaurs
  3 ogres
  A bullfrog (D:6)
  A scorpion (D:6)
  2 howler monkeys
  2 crimson imps (D:6)
  A quasit (D:6)
  A bullfrog zombie (D:6)
  2 centaur zombies
  A human zombie (Ossuary)
  Crazy Yiuf (D:5)
  A centaur skeleton (D:4)
  4 hounds
  An orc wizard (D:5)
  4 worker ants
  A big kobold zombie (Ossuary)
  A hound skeleton (D:5)
  5 mummies (Ossuary)
  A worker ant zombie (D:6)
  5 gnolls
  7 adders
  2 oozes
  A worm (D:2)
  2 dart slugs
  8 leopard geckos
  10 orcs
  A giant cockroach (D:1)
  3 gnoll zombies (Ossuary)
  5 goblins
  2 hobgoblins
  6 jackals
  4 quokkas
  A ball python (D:2)
  5 bats
  3 frilled lizards
  A giant cockroach zombie (D:5)
  4 kobolds
  2 kobold zombies (Ossuary)
  A leopard gecko skeleton (D:6)
  2 quokka skeletons (D:5)
  8 rats
127 creatures vanquished.

Notes
Turn   | Place    | Note
-------+----------+-------------------------------------------
     0 | D:1      | Johnny the Troll Berserker began the quest for the Orb.
     0 | D:1      | Reached XP level 1. HP: 22/22 MP: 0/0
   112 | D:1      | Reached XP level 2. HP: 16/29 MP: 1/1
   545 | D:1      | Reached XP level 3. HP: 36/36 MP: 2/2
   549 | D:1      | Reached skill level 1 in Armour
   649 | D:2      | Found a hide-covered altar of Uskayaw.
   749 | D:2      | Reached ** piety under Trog
   910 | D:2      | Found a shimmering blue altar of Sif Muna.
   915 | D:2      | Found a bloodstained altar of Trog.
   932 | D:2      | Found a hazy altar of Hepliaklqana.
   993 | D:2      | Reached XP level 4. HP: 36/44 MP: 1/3
  1577 | D:3      | Reached XP level 5. HP: 43/53 MP: 1/4
  1670 | D:3      | Found an opulent altar of Gozag.
  1974 | D:4      | Reached skill level 4 in Unarmed Combat
  2041 | D:4      | Found a snail-covered altar of Cheibriados.
  2088 | D:4      | Reached XP level 6. HP: 47/61 MP: 5/5
  2096 | D:4      | Reached *** piety under Trog
  2146 | D:4      | Found a sand-covered staircase.
  2161 | Ossuary  | Entered an ossuary
  2373 | Ossuary  | Reached XP level 7. HP: 61/68 MP: 6/6
  2590 | D:4      | Found a staircase to the Ecumenical Temple.
  2821 | Temple   | Entered the Ecumenical Temple
  2916 | D:5      | Entered Level 5 of the Dungeon
  2992 | D:5      | Reached skill level 5 in Unarmed Combat
  3103 | D:5      | Reached XP level 8. HP: 52/79 MP: 7/7
  3158 | D:5      | Reached **** piety under Trog
  3549 | D:5      | Found a runed translucent door.
  3550 | D:5      | Noticed Crazy Yiuf
  3742 | D:5      | Killed Crazy Yiuf
  4018 | D:6      | Reached skill level 5 in Fighting
  4018 | D:6      | Reached skill level 5 in Dodging
  4018 | D:6      | Reached skill level 6 in Unarmed Combat
  4455 | D:7      | Reached XP level 9. HP: 82/88 MP: 8/8
  4590 | D:7      | Gained mutation: You are frail. (-10% HP) [potion of
                  | mutation]
  4590 | D:7      | Gained mutation: You passively map a small area around you.
                  | [potion of mutation]
  4590 | D:7      | Gained mutation: You expend magic power (3 MP) to
                  | strengthen your wands. [potion of mutation]
  4590 | D:7      | Gained mutation: You are agile. (Dex +2) [potion of
                  | mutation]
  4591 | D:7      | HP: 2/79 [killer bee (4)]
  4591 | D:7      | Slain by a killer bee

Levels and vault maps discovered:
D:1:      tarquinn_simple_flora_water_a, layout_loops_ring, minmay_crystal_water
D:2:      layout_loops_cross, eat_drink_and_be_merry_uskayaw,
          minmay_overflow_temple_star_quad, minmay_misc_feat_pillars
D:3:      layout_loops_ring, grunt_gozag_breadcrumbs
D:4:      layout_cave_pools, kennysheep_slug_shrine,
          minmay_temple_entry_water_ring, enter_ossuary_2,
          kennysheep_pointless_box
D:5:      minmay_recursive_quarters, layout_basic, first_ration,
          kennysheep_boxes, uniq_crazy_yiuf_cottage
D:6:      layout_loops_cross
D:7:      layout_basic, lemuel_round_altar, grunt_ogre_cave, roderic_lattice_a,
          chequers_jeans, serial_bayou_pond_d, minmay_door_square
Temple:   cyrus_temple_forest

Skill      XL: |  1  2  3  4  5  6  7  8 |
---------------+-------------------------+-----
Armour         | 1 2 3 4 |  4.9
Fighting       | 3 4 5 |  5.6
Dodging        | 3 4 5 |  5.6
Unarmed Combat | 4 5 6 |  6.7

Action                   |  1- 3 |  4- 6 |  7- 9 || total
-------------------------+-------+-------+-------++-------
Melee: Unarmed           |    75 |   148 |   203 ||   426
       Punch             |       |     1 |     2 ||     3
Invok: Berserk           |     1 |     1 |     1 ||     3
       Trog's Hand       |       |     1 |       ||     1
  Use: Potion            |       |       |     3 ||     3
 Stab: Sleeping          |       |     2 |       ||     2
       Distracted        |       |     1 |       ||     1
  Eat: Chunk             |    13 |    11 |    25 ||    49
Armor: Animal skin       |    28 |    29 |    73 ||   130
Dodge: Dodged            |    30 |    77 |   128 ||   235
